 Dungeon Crawl Stone Soup version 0.23.2-40-g277498a001 (webtiles) character file.

Game seed: 14067276087436630123

20088 Hylith the Geomancer (level 12, -6/80 HPs)
             Began as a Gargoyle Earth Elementalist on Sept 5, 2019.
             Was a Believer of Vehumet.
             Mangled by a komodo dragon (13 damage)
             ... on level 3 of the Lair of Beasts.
             The game lasted 00:36:16 (14020 turns).

Hylith the Geomancer (Gargoyle Earth Elementalist) Turns: 14020, Time: 00:36:17

Health: -6/80      AC: 24    Str: 13    XL:     12   Next: 75%
Magic:  24/25      EV:  6    Int: 20    God:    Vehumet [**....]
Gold:   1344       SH:  0    Dex: 13    Spells: 18/30 levels left

rFire    . . .     SeeInvis .   z - +9 spear of Checkmate {drain, rElec}
rCold    . . .     Gourm    .   (no shield)
rNeg     + . .     Faith    .   U - +1 chain mail of Viotran {Slay+5}
rPois    ∞         Spirit   .   X - +2 hat {MR+}
rElec    +         Reflect  .   (no cloak)
rCorr    .         Harm     +   (no gloves)
MR       +....                  B - +2 pair of boots
Stlth    ..........             a - amulet of harm
HPRegen  0.23/turn              k - +3 ring of dexterity
MPRegen  0.19/turn              P - ring of flight

@: no status effects
A: negative energy resistance 1, electricity resistance, unbreathing,
petrification resistance, rot immunity, AC +8
a: Renounce Religion, Evoke Flight


You were on level 3 of the Lair of Beasts.
You worshipped Vehumet.
Vehumet was pleased with you.
You were very hungry.

You visited 3 branches of the dungeon, and saw 14 of its levels.
You also visited: Ossuary and Bailey.

You collected 1344 gold pieces.

Inventory:

Hand Weapons
 h - a +0 whip
 q - a +0 flail of protection
 z - the +9 spear of Checkmate (weapon) {drain, rElec}
   (You found it on level 4 of the Dungeon)

   A truly terrible weapon, it drains the life of those it strikes.
   It insulates you from electricity.
Missiles
 b - 204 stones (quivered)
 j - 208 arrows
 Q - 2 throwing nets
 S - 31 tomahawks of returning
Armour
 A - the +0 scale mail of the Prince of Darkness {MR++}
   (You found it on level 4 of the Dungeon)

   It affects your resistance to hostile enchantments.
 B - a +2 pair of boots (worn)
 L - a +0 buckler
 U - the +1 chain mail of Viotran (worn) {Slay+5}
   (You found it in a bailey)

   It affects your accuracy and damage with ranged weapons and melee attacks
   (+5).
 X - a +2 hat of magic resistance (worn)
Magical Staves
 F - an uncursed staff of cold
Jewellery
 a - an amulet of harm (around neck)
 k - a +3 ring of dexterity (left hand)
 P - a ring of flight (right hand)
Wands
 r - a wand of polymorph (5)
 C - a wand of clouds (9)
 E - a wand of acid (2)
 K - a wand of disintegration (9)
 M - a wand of flame (74)
 Z - a wand of scattershot (5)
Scrolls
 e - 2 scrolls of immolation
 i - 3 scrolls of teleportation
 m - 7 scrolls of amnesia {unknown}
 p - 15 scrolls of identify {unknown}
 s - a scroll of acquirement {unknown}
 v - 7 scrolls of remove curse
 w - 2 scrolls of enchant armour {unknown}
 y - 6 scrolls of random uselessness {unknown}
 I - a scroll of holy word {unknown}
 N - a scroll of magic mapping {unknown}
 O - a scroll of summoning {unknown}
 T - 2 scrolls of blinking {unknown}
 W - 2 scrolls of enchant weapon {unknown}
 Y - a scroll of vulnerability {unknown}
Potions
 f - 3 potions of flight {unknown}
 g - 3 potions of brilliance {unknown}
 l - 3 potions of degeneration {unknown}
 n - 4 potions of haste {unknown}
 o - 6 potions of curing {unknown}
 t - 7 potions of mutation {unknown}
 u - 2 potions of resistance {unknown}
 x - 3 potions of lignification {unknown}
 D - 6 potions of ambrosia {unknown}
 G - 3 potions of invisibility {unknown}
 H - 3 potions of magic {unknown}
 J - 5 potions of might {unknown}
 R - a potion of berserk rage {unknown}
Miscellaneous
 V - a lightning rod (4/4)
Comestibles
 d - 30 rations


   Skills:
 + Level 11.2 Fighting
 - Level 4.0 Armour
 - Level 2.0 Dodging
 - Level 2.1 Stealth
 + Level 3.1 Shields
 + Level 9.8 Spellcasting
 + Level 8.6 Conjurations
 - Level 0.7 Transmutations
 + Level 12.7 Earth Magic
 - Level 4.1 Evocations


You had 18 spell levels left.
You knew the following spells:

 Your Spells              Type           Power        Failure   Level  Hunger
a - Sandblast             Erth           ######       1%          1    None
b - Stone Arrow           Conj/Erth      ######       8%          3    None
c - Lee's Rapid Deconstr  Erth           ######....   28%         5    #####..
d - Ignite Poison         Fire/Tmut/Pois ##......     99%         3    None

Your spell library contained the following spells:

 Spells                   Type           Power        Failure   Level  Hunger
 Passwall                 Tmut/Erth      #####...     19%         2    None
 Flame Tongue             Conj/Fire      ####.        32%         1    None
 Throw Flame              Conj/Fire      ####..       45%         2    None
 Throw Frost              Conj/Ice       ####..       45%         2    None
 Conjure Flame            Conj/Fire      ####....     69%         3    None
 Petrify                  Tmut/Erth      #####...     77%         4    ##.....
 Freeze                   Ice            #...         89%         1    None
 Bolt of Magma            Conj/Fire/Erth #####.....   96%         5    #####..
 Sticky Flame             Conj/Fire      ####....     97%         4    ##.....
 Throw Icicle             Conj/Ice       ####....     97%         4    ##.....
 Iron Shot                Conj/Erth      ######....   98%         6    ######.
 Inner Flame              Hex/Fire       #.......     99%         3    None
 Ozocubu's Armour         Chrm/Ice       #.......     99%         3    None
 Summon Ice Beast         Ice/Summ       #.......     100%        4    ##.....
 Fireball                 Conj/Fire      ####......   100%        5    #####..
 Iskenderun's Battlesphe  Conj/Chrm      ####....     100%        5    #####..
 Venom Bolt               Conj/Pois      ####......   100%        5    #####..
 Orb of Destruction       Conj           #####.....   100%        7    #######
 Spellforged Servitor     Conj/Summ      ####......   100%        7    #######


Dungeon Overview and Level Annotations

Branches:
Dungeon (10/15)            Temple (1/1) D:4            Lair (3/6) D:8
 Shoals (0/4) Lair:2          Orc (0/2) D:9
  Snake: Lair:2-4    Spider: Lair:2-4

Altars:
Ashenzari
Cheibriados
Dithmenos
Elyvilon
Fedhas
Gozag
Hepliaklqana
Kikubaaqudgha
Makhleb
Okawaru
Qazlal
Ru
Sif Muna
Trog
Uskayaw
Vehumet
Wu Jian
Xom
Yredelemnul
Zin
The Shining One
Beogh

Annotations:
D:4 1 runed translucent door, Descartes's ghost, novice FoWn
Lair:2 exclusion: oklob plant


Innate Abilities, Weirdness & Mutations

You are resistant to torment.
Your stone body is resilient. (AC +8)
You are immune to poison.
You resist negative energy. (rN+)
You are resistant to electric shocks. (rElec)
You can survive without breathing.
You are immune to petrification.
You are immune to rotting.


Message History

Attack whom?
Press: ? - help, Dir - move target cursor, f/p - komodo dragon
Aim: a komodo dragon (heavily wounded)
You hit the komodo dragon.
The komodo dragon is heavily wounded.
The komodo dragon bites you!
* * * LOW HITPOINT WARNING * * *
Unknown command.
Unknown command.
You are feeling very hungry.
Casting: Stone Arrow (safe; 8% risk of failure)
Confirm with . or Enter, or press ? or * to list all spells.
Aiming: Sandblast (safe; 1% risk of failure)
Press: ? - help, Shift-Dir - straight line, f/p - komodo dragon
Aim: a komodo dragon (heavily wounded)
The blast of sand hits the komodo dragon.
The komodo dragon is severely wounded.
b - 204 stones The komodo dragon bites you!
You die...

... .....h >.....
...... ...#.#
#....##########.##.
#........Yl@.......
##.#...####P###..#.
###.#.## ###
#......# ###.P..##
#.##Y.P# #### ##.
#..## ###..#### #.
#...# #.......##
#.###...###........#


You could see a komodo dragon and a yak.

Vanquished Creatures
  Gastronok (D:10)
  2 hydras
  A two-headed ogre (D:9)
  A tengu warrior (D:10)
  Pikel (D:8)
  An orc knight (Bailey)
  Maurice (D:8)
  2 black mambas
  2 komodo dragons (Lair:2)
  A spiny frog (Lair:1)
  A rime drake (Lair:3)
  A troll (D:9)
  A hornet (D:9)
  A merfolk (D:9)
  A blink frog (Lair:2)
  Grinder (D:6)
  Prince Ribbit (D:5)
  5 hippogriffs
  A snapping turtle (Lair:2)
  2 wyverns
  6 yaks
  A wraith (Ossuary)
  2 hungry ghosts (D:10)
  2 wargs (D:9)
  A water moccasin (Lair:2)
  Duvessa (D:5)
  10 porcupines
  2 ice beasts
  A hornet zombie (D:7)
  11 orc warriors
  3 sky beasts
  2 black bears (D:8)
  2 phantoms
  5 ogres
  3 centaurs
  2 eyes of draining (D:10)
  7 wolves
  10 crocodiles
  2 big kobolds
  15 bullfrogs
  Dowan (D:5)
  4 scorpions
  5 killer bees (D:7)
  An electric eel (Lair:2)
  4 howler monkeys
  8 crimson imps
  A quasit (D:6)
  A centaur zombie (D:10)
  6 jellies
  A bullfrog zombie (D:6)
  2 hounds (D:8)
  8 orc priests
  Crazy Yiuf (D:7)
  3 bullfrog skeletons
  3 iguanas
  4 orc wizards
  Natasha (thrice) (D:2)
  7 worker ants
  A hound zombie (D:5)
  2 hound skeletons
  A mummy (Ossuary)
  A worker ant zombie (D:5)
  Robin (D:3)
  5 gnolls
  10 adders
  6 shadow imps
  2 adder zombies
  5 worms
  A worm zombie (D:5)
  An adder skeleton (D:4)
  7 leopard geckos
  59 orcs
  6 giant cockroaches
  20 goblins
  15 hobgoblins
  7 jackals
  4 quokkas
  A ball python (D:4)
  8 bats
  5 frilled lizards
  8 gnoll skeletons (Ossuary)
  2 jackal zombies
  33 kobolds
  5 kobold skeletons (Ossuary)
  A leopard gecko skeleton (D:6)
  12 orc skeletons (Ossuary)
  A quokka skeleton (D:4)
  A quokka zombie (D:9)
  7 rats
417 creatures vanquished.

Vanquished Creatures (others)
  An adder (D:8)
  3 orcs (D:8)
  40 fungi (D:8)
  17 plants
61 creatures vanquished.

Grand Total: 478 creatures vanquished

Notes
Turn   | Place    | Note
-------+----------+-------------------------------------------
     0 | D:1      | Hylith the Gargoyle Earth Elementalist began the quest for
                  | the Orb.
     0 | D:1      | Reached XP level 1. HP: 10/10 MP: 3/3
   301 | D:1      | Reached skill level 4 in Earth Magic
   333 | D:1      | Reached XP level 2. HP: 14/15 MP: 5/5
   887 | D:1      | Reached XP level 3. HP: 19/20 MP: 3/6
   976 | D:1      | Reached skill level 1 in Fighting
  1209 | D:2      | Noticed Natasha
  1213 | D:2      | Killed Natasha
  1302 | D:2      | Reached XP level 4. HP: 25/25 MP: 5/7
  1412 | D:2      | Noticed a phantom
  1464 | D:2      | Killed a phantom
  1464 | D:2      | Reached skill level 5 in Earth Magic
  1464 | D:2      | Reached XP level 5. HP: 29/31 MP: 1/9
  1778 | D:2      | Noticed Natasha
  1786 | D:2      | Killed Natasha
  1969 | D:2      | Reached XP level 6. HP: 35/36 MP: 9/11
  1982 | D:2      | Noticed Natasha
  1984 | D:2      | Killed Natasha
  2444 | D:3      | Noticed Robin
  2597 | D:3      | Killed Robin
  2775 | D:3      | Found a sacrificial altar of Ru.
  2888 | D:3      | Found a hazy altar of Hepliaklqana.
  2894 | D:3      | Found a white marble altar of Elyvilon.
  2928 | D:3      | Found a shimmering altar of Xom.
  3166 | D:3      | Reached skill level 6 in Earth Magic
  3316 | D:3      | Reached XP level 7. HP: 40/42 MP: 12/12
  3461 | D:4      | Found a runed translucent door.
  3461 | D:4      | Noticed Descartes's ghost (novice FoWn)
  3461 | D:4      | Noticed a troll
  3668 | D:4      | Found a staircase to the Ecumenical Temple.
  3889 | D:4      | Got a dazzling spear
  3890 | D:4      | Identified the +9 spear of Checkmate {drain, rElec} (You
                  | found it on level 4 of the Dungeon)
  3896 | D:4      | Got an encrusted scale mail
  3914 | D:4      | Identified the cursed +0 scale mail of the Prince of
                  | Darkness {MR++} (You found it on level 4 of the Dungeon)
  3941 | D:4      | Found an iron altar of Okawaru.
  3942 | D:4      | Found a shattered altar of Ashenzari.
  4209 | D:5      | Entered Level 5 of the Dungeon
  4229 | D:5      | Noticed Prince Ribbit
  4237 | D:5      | Killed Prince Ribbit
  4374 | D:5      | Noticed Duvessa
  4375 | D:5      | Noticed Dowan
  4409 | D:5      | Killed Duvessa
  4409 | D:5      | Reached skill level 5 in Fighting
  4409 | D:5      | Reached skill level 7 in Earth Magic
  4409 | D:5      | Reached XP level 8. HP: 26/49 MP: 1/15
  4411 | D:5      | Killed Dowan
  4529 | D:5      | Reached skill level 5 in Spellcasting
  4686 | D:5      | Found a sand-covered staircase.
  4695 | Ossuary  | Entered an ossuary
  4695 | Ossuary  | Noticed a wraith
  4695 | Ossuary  | Noticed a wraith
  4695 | Ossuary  | Noticed a wraith
  4884 | Ossuary  | Noticed a wraith
  4898 | Ossuary  | Killed a wraith
  5175 | D:5      | Found a stormy altar of Qazlal.
  5176 | D:5      | Noticed a water elemental
  5176 | D:5      | Noticed an air elemental
  5346 | D:5      | Found a faded altar of an unknown god.
  5346 | D:5      | Found a glowing silver altar of Zin.
  5357 | D:5      | Found a faded altar of an unknown god.
  5359 | D:5      | Found an ornate altar of the Wu Jian Council.
  5361 | D:5      | Found a hide-covered altar of Uskayaw.
  5574 | D:6      | Reached skill level 8 in Earth Magic
  5780 | D:6      | Noticed Grinder
  5793 | D:6      | Killed Grinder
  5793 | D:6      | Reached skill level 1 in Evocations
  5793 | D:6      | Reached XP level 9. HP: 56/56 MP: 16/18
  6503 | D:6      | Reached skill level 9 in Earth Magic
  6519 | D:6      | Learned a level 3 spell: Stone Arrow
  6525 | D:6      | Learned a level 5 spell: Lee's Rapid Deconstruction
  6656 | D:7      | Reached skill level 1 in Armour
  6656 | D:7      | Reached skill level 1 in Conjurations
  7355 | D:7      | Reached XP level 10. HP: 56/64 MP: 20/20
  7538 | D:7      | Found a runed translucent door.
  7539 | D:7      | Noticed Crazy Yiuf
  7696 | D:7      | Killed Crazy Yiuf
  7756 | D:8      | Noticed Maurice
  7793 | D:8      | Killed Maurice
  8117 | D:8      | Reached skill level 10 in Earth Magic
  8420 | D:8      | Noticed Pikel
  8462 | D:8      | Killed Pikel
  8518 | D:8      | Found a staircase to the Lair.
  9240 | D:9      | Noticed a two-headed ogre
  9248 | D:9      | Killed a two-headed ogre
  9248 | D:9      | Reached skill level 5 in Conjurations
  9248 | D:9      | Reached XP level 11. HP: 52/71 MP: 11/22
  9286 | D:9      | Found a flagged portal.
  9292 | Bailey   | Entered a bailey
  9350 | Bailey   | Noticed an orc knight
  9365 | Bailey   | Killed an orc knight
  9503 | Bailey   | Got a transparent chain mail
  9558 | Bailey   | Identified the +1 chain mail of Viotran {Slay+5} (You found
                  | it in a bailey)
  9607 | D:9      | Reached skill level 11 in Earth Magic
  9630 | D:9      | Found a staircase to the Orcish Mines.
  9845 | Temple   | Entered the Ecumenical Temple
 10011 | Temple   | Became a worshipper of Vehumet
 10259 | D:9      | Found a roughly hewn altar of Beogh.
 10352 | D:9      | Reached * piety under Vehumet
 10352 | D:9      | Offered knowledge of Magic Dart by Vehumet.
 10784 | D:10     | Entered Level 10 of the Dungeon
 10867 | D:10     | Noticed Gastronok
 10970 | D:10     | HP: 2/72 [orc warrior/+0 war axe (8)]
 10985 | D:10     | HP: 2/72 [orc/+0 flail (3)]
 11584 | D:10     | Noticed a tengu warrior
 11590 | D:10     | Killed a tengu warrior
 11748 | D:10     | Killed Gastronok
 11748 | D:10     | Reached skill level 10 in Fighting
 11869 | D:10     | Reached XP level 12. HP: 53/77 MP: 25/25
 12164 | Lair:1   | Entered Level 1 of the Lair of Beasts
 12224 | Lair:1   | Reached skill level 12 in Earth Magic
 12249 | Lair:1   | Reached ** piety under Vehumet
 12369 | Lair:1   | Offered knowledge of Shock by Vehumet.
 12511 | Lair:1   | Noticed an eight-headed hydra
 12523 | Lair:1   | Killed an eight-headed hydra
 12975 | Lair:2   | Reached skill level 1 in Shields
 13332 | Lair:2   | Noticed a seven-headed hydra
 13339 | Lair:2   | Killed a seven-headed hydra
 13429 | Lair:2   | Found a staircase to the Shoals.
 13876 | Lair:3   | Offered knowledge of Ignite Poison by Vehumet.
 13905 | Lair:3   | Learned a level 3 spell: Ignite Poison
 14020 | Lair:3   | Mangled by a komodo dragon

Skill      XL: |  1  2  3  4  5  6  7  8  9 10 11 12 |
---------------+-------------------------------------+-----
Earth Magic    | 4 5 6 7 8 9 10 11 12 | 12.7
Fighting       | 1 2 3 5 6 7 9 10 11 | 11.2
Dodging        | 2 |  2.0
Spellcasting   | 3 4 6 7 9 |  9.8
Evocations     | 1 3 4 |  4.1
Armour         | 2 4 |  4.0
Conjurations   | 2 5 7 8 |  8.6
Shields        | 3 |  3.1
Stealth        | |  2.1
Transmutations | |  0.7

Action                   |  1- 3 |  4- 6 |  7- 9 | 10-12 || total
-------------------------+-------+-------+-------+-------++-------
Melee: Unarmed           |    12 |       |       |       ||    12
       Whip              |    64 |   199 |       |       ||   263
       Flail             |       |    36 |    88 |       ||   124
       Spear             |       |       |   309 |   550 ||   859
 Cast: Sandblast         |    18 |    24 |    19 |    64 ||   125
       Stone Arrow       |       |       |       |    14 ||    14
Evoke: Wand              |       |       |       |    12 ||    12
  Use: Scroll            |       |     2 |       |     1 ||     3
 Stab: Sleeping          |     1 |     1 |     1 |       ||     3
  Eat: Chunk             |     2 |     5 |    15 |    23 ||    45
Armor: Robe              |    27 |    73 |    65 |       ||   165
       Scale mail        |       |       |   274 |   143 ||   417
       Chain mail        |       |       |       |   243 ||   243
Dodge: Dodged            |    61 |   159 |   294 |   236 ||   750
